[ AOE2 MATCH · #472961571 ]
UnrankedKoreans vs Mongols
[ REPLAY ANALYSIS · EXTRACTED FROM THE RECORDED GAME ]
Feudal
11:36
Castle
25:20
Imperial
40:00
| APM avg | 60.0 |
| APM peak | 125 |
| eAPM avg | 33.8 |
| Villagers / military | 188 / 423 |
Focus
⚔️ 48.1% · 🌾 51.9%
Skirmisher ×207 · Archer ×180 · Spearman ×36
Feudal
9:03
Castle
20:02
Imperial
31:53
| APM avg | 43.1 |
| APM peak | 95 |
| eAPM avg | 23.5 |
| Villagers / military | 196 / 705 |
Focus
⚔️ 36.5% · 🌾 63.5%
Scout Cavalry ×548 · Scorpion ×125 · Battering Ram ×32 · Trade Cart ×20 · Fishing Ship ×3
Feudal
11:46
Castle
15:20
Imperial
31:33
| APM avg | 44.8 |
| APM peak | 83 |
| eAPM avg | 25.5 |
| Villagers / military | 180 / 532 |
Focus
⚔️ 33.3% · 🌾 66.7%
Mangudai ×450 · Trade Cart ×54 · Mangonel ×39 · Battering Ram ×19 · Monk ×13 · Fishing Ship ×12
Feudal
14:15
Castle
20:50
Imperial
37:18
| APM avg | 25.7 |
| APM peak | 56 |
| eAPM avg | 19.8 |
| Villagers / military | 152 / 265 |
Focus
⚔️ 37.4% · 🌾 62.6%
Militia ×238 · Gbeto ×19 · Trebuchet (Packed) ×5 · Mangonel ×2 · Monk ×1
Feudal
13:02
Castle
26:13
Imperial
37:25
| APM avg | 68.3 |
| APM peak | 124 |
| eAPM avg | 44.6 |
| Villagers / military | 166 / 783 |
Focus
⚔️ 38.4% · 🌾 61.6%
Spearman ×750 · Unknown (1949) ×167 · Trade Cart ×45 · Unknown (1942) ×29 · Monk ×25 · Militia ×8
Feudal
12:15
Castle
16:17
Imperial
34:05
| APM avg | 27.4 |
| APM peak | 58 |
| eAPM avg | 18.5 |
| Villagers / military | 172 / 277 |
Focus
⚔️ 35.6% · 🌾 64.4%
War Elephant ×259 · Fishing Ship ×22 · Trade Cart ×15 · Trebuchet (Packed) ×15 · Monk ×2 · Knight ×1
Feudal
11:09
Castle
17:48
Imperial
29:17
| APM avg | 33.7 |
| APM peak | 70 |
| eAPM avg | 23.4 |
| Villagers / military | 93 / 614 |
Focus
⚔️ 39.3% · 🌾 60.7%
Eagle Scout ×564 · Battering Ram ×41 · Trade Cart ×34 · Fishing Ship ×27 · Trebuchet (Packed) ×4 · Monk ×2
Feudal
13:08
Castle
24:33
Imperial
32:30
| APM avg | 27.0 |
| APM peak | 49 |
| eAPM avg | 19.8 |
| Villagers / military | 117 / 172 |
Focus
⚔️ 36.4% · 🌾 63.6%
Archer ×108 · Skirmisher ×32 · Trade Cart ×14 · Trebuchet (Packed) ×14 · Fishing Ship ×9 · Hand Cannoneer ×5
Match map
Initial resources + every placement click. Lines = walls · curves = elevation contours. ◆ gold · ⬟ stone · ● berries · ✦ relic · ◌ wall gap
Your base· Open — opponent sealed themselves in
MaXimus's base· ✓ Closed at 20:02 · 4t walls · no gate
EMMM | GothBert's base· ✓ Closed at 15:20 · 0t walls · no gate
YuF's base· ✓ Closed at 20:50 · 43t walls · no gate
DeX_JeD1's base· ✓ Closed at 26:13 · 77t walls · 5 gate(s)
jimmy211211's base· ✓ Closed at 16:17 · 20t walls · 1 gate(s)
3HK's base· ✓ Closed at 17:48 · 0t walls · no gate
大庆Song's base· ✓ Closed at 24:33 · 37t walls · no gate
Smoothed initial terrain · ◌ = detected wall gap · hover for details
Inputs per minute
— Grand Nagus - - MaXimus
Build order — Grand Nagus
First 150 of 743 actions detected
| 0:01 | Queue | Villager (Male) |
| 0:02 | Build | House |
| 0:02 | Queue | Villager (Male) |
| 0:03 | Build | House |
| 0:12 | Queue | Villager (Male) |
| 0:20 | Queue | Villager (Male) |
| 0:20 | Queue | Villager (Male) |
| 1:24 | Build | Lumber Camp |
| 1:24 | Queue | Villager (Male) |
| 1:24 | Queue | Villager (Male) |
| 2:15 | Queue | Villager (Male) |
| 2:15 | Queue | Villager (Male) |
| 2:24 | Queue | Villager (Male) |
| 2:24 | Queue | Villager (Male) |
| 2:57 | Queue | Villager (Male) |
| 3:23 | Queue | Villager (Male) |
| 3:41 | Build | House |
| 3:47 | Research | Loom |
| 4:01 | Build | House |
| 4:13 | Queue | Villager (Male) |
| 4:13 | Queue | Villager (Male) |
| 4:15 | Build | Mill |
| 4:58 | Queue | Villager (Male) |
| 5:05 | Queue | Villager (Male) |
| 5:15 | Queue | Villager (Male) |
| 5:21 | Build | Palisade Wall |
| 5:22 | Build | Palisade Wall |
| 5:23 | Build | Palisade Wall |
| 5:41 | Queue | Villager (Male) |
| 5:54 | Queue | Villager (Male) |
| 6:36 | Queue | Villager (Male) |
| 6:55 | Queue | Villager (Male) |
| 7:19 | Queue | Villager (Male) |
| 7:37 | Queue | Villager (Male) |
| 8:05 | Build | Mining Camp |
| 8:22 | Queue | Villager (Male) |
| 8:32 | Queue | Villager (Male) |
| 8:55 | Build | House |
| 8:57 | Build | House |
| 9:08 | Build | Palisade Wall |
| 9:10 | Build | Palisade Wall |
| 9:16 | Build | Palisade Wall |
| 9:26 | Research | Feudal Age |
| 9:27 | Research | Feudal Age |
| 9:27 | Research | Feudal Age |
| 9:35 | Build | House |
| 9:38 | Build | House |
| 9:42 | Build | House |
| 9:46 | Build | House |
| 10:41 | Build | Barracks |
| 11:31 | Queue | Villager (Male) |
| 11:36 | Age | Feudal Age |
| 11:39 | Build | Archery Range |
| 11:49 | Queue | Villager (Male) |
| 12:03 | Queue | Villager (Male) |
| 12:03 | Research | Wheelbarrow |
| 12:04 | Build | Blacksmith |
| 12:23 | Queue | Archer |
| 12:23 | Queue | Archer |
| 12:27 | Queue | Villager (Male) |
| 12:40 | Research | Fletching |
| 12:40 | Research | Fletching |
| 12:41 | Queue | Villager (Male) |
| 12:50 | Build | Watch Tower |
| 12:53 | Queue | Villager (Male) |
| 12:57 | Queue | Archer |
| 12:58 | Queue | Archer |
| 12:58 | Queue | Archer |
| 12:58 | Queue | Archer |
| 13:24 | Queue | Villager (Male) |
| 13:26 | Build | Farm |
| 13:29 | Build | Farm |
| 13:35 | Queue | Archer |
| 13:35 | Queue | Archer |
| 13:53 | Build | Farm |
| 13:55 | Build | Farm |
| 13:56 | Queue | Villager (Male) |
| 13:56 | Queue | Villager (Male) |
| 13:58 | Queue | Archer |
| 13:59 | Queue | Archer |
| 14:09 | Build | Mining Camp |
| 14:28 | Build | Palisade Wall |
| 14:31 | Queue | Villager (Male) |
| 14:40 | Queue | Archer |
| 14:40 | Queue | Archer |
| 15:00 | Build | House |
| 15:02 | Queue | Archer |
| 15:02 | Queue | Archer |
| 15:07 | Build | Farm |
| 15:17 | Build | Stone Wall |
| 15:18 | Build | Stone Wall |
| 15:26 | Build | Stone Wall |
| 15:28 | Build | Stone Wall |
| 15:30 | Build | Stone Wall |
| 15:35 | Queue | Archer |
| 15:35 | Queue | Archer |
| 15:37 | Queue | Archer |
| 15:37 | Queue | Archer |
| 15:39 | Build | House |
| 15:41 | Build | House |
| 15:43 | Queue | Villager (Male) |
| 15:44 | Build | Stone Wall |
| 16:15 | Queue | Villager (Male) |
| 16:36 | Queue | Archer |
| 16:49 | Queue | Villager (Male) |
| 17:17 | Queue | Villager (Male) |
| 17:19 | Build | Watch Tower |
| 17:31 | Queue | Archer |
| 17:43 | Queue | Villager (Male) |
| 18:20 | Queue | Villager (Male) |
| 18:20 | Queue | Villager (Male) |
| 18:32 | Queue | Archer |
| 18:32 | Queue | Archer |
| 18:57 | Build | Mining Camp |
| 19:21 | Queue | Villager (Male) |
| 19:23 | Build | Market |
| 19:29 | Build | Stone Wall |
| 19:32 | Build | Stone Wall |
| 20:25 | Build | Market |
| 20:43 | Queue | Villager (Male) |
| 20:43 | Queue | Villager (Male) |
| 20:44 | Queue | Villager (Male) |
| 21:06 | Build | Lumber Camp |
| 21:57 | Queue | Villager (Male) |
| 22:06 | Build | House |
| 22:08 | Build | House |
| 22:11 | Build | House |
| 22:31 | Build | Stone Wall |
| 22:40 | Research | Castle Age |
| 22:41 | Research | Castle Age |
| 22:41 | Research | Castle Age |
| 22:53 | Queue | Archer |
| 22:54 | Queue | Archer |
| 23:37 | Queue | Archer |
| 23:37 | Queue | Archer |
| 23:52 | Build | Watch Tower |
| 24:15 | Queue | Archer |
| 25:02 | Queue | Archer |
| 25:03 | Queue | Archer |
| 25:20 | Age | Castle Age |
| 25:21 | Research | Bodkin Arrow |
| 25:21 | Research | Bodkin Arrow |
| 25:22 | Research | Bodkin Arrow |
| 25:46 | Build | Watch Tower |
| 25:48 | Queue | Villager (Male) |
| 26:29 | Queue | Villager (Male) |
| 26:53 | Build | Farm |
| 27:10 | Queue | Villager (Male) |
| 27:16 | Build | Stone Wall |
| 27:25 | Build | Stone Wall |
Build order — MaXimus
First 150 of 699 actions detected
| 0:02 | Queue | Villager (Male) |
| 0:02 | Queue | Villager (Male) |
| 0:02 | Queue | Villager (Male) |
| 0:03 | Build | House |
| 0:06 | Build | House |
| 0:22 | Queue | Villager (Male) |
| 0:22 | Queue | Villager (Male) |
| 1:38 | Queue | Villager (Male) |
| 1:38 | Queue | Villager (Male) |
| 1:51 | Build | Lumber Camp |
| 2:07 | Queue | Villager (Male) |
| 2:07 | Queue | Villager (Male) |
| 2:20 | Queue | Villager (Male) |
| 2:21 | Queue | Villager (Male) |
| 3:07 | Queue | Villager (Male) |
| 3:07 | Queue | Villager (Male) |
| 3:09 | Queue | Villager (Male) |
| 3:10 | Queue | Villager (Male) |
| 3:10 | Queue | Villager (Male) |
| 3:40 | Queue | Villager (Male) |
| 3:52 | Queue | Villager (Male) |
| 4:47 | Queue | Villager (Male) |
| 4:50 | Build | House |
| 4:52 | Queue | Villager (Male) |
| 4:52 | Queue | Villager (Male) |
| 4:53 | Queue | Villager (Male) |
| 5:15 | Queue | Villager (Male) |
| 5:25 | Build | Mill |
| 5:29 | Queue | Villager (Male) |
| 6:36 | Build | House |
| 6:53 | Research | Feudal Age |
| 6:53 | Research | Feudal Age |
| 6:53 | Research | Feudal Age |
| 8:01 | Build | Barracks |
| 8:08 | Build | Palisade Wall |
| 8:19 | Build | Palisade Wall |
| 8:22 | Build | Palisade Wall |
| 8:25 | Build | House |
| 8:34 | Build | Palisade Wall |
| 9:03 | Age | Feudal Age |
| 9:05 | Queue | Villager (Male) |
| 9:11 | Build | Stable |
| 9:22 | Research | Double-Bit Axe |
| 9:28 | Queue | Villager (Male) |
| 9:32 | Build | House |
| 9:56 | Queue | Scout Cavalry |
| 9:57 | Queue | Villager (Male) |
| 9:57 | Queue | Villager (Male) |
| 10:04 | Build | House |
| 10:21 | Queue | Villager (Male) |
| 10:33 | Queue | Scout Cavalry |
| 10:58 | Queue | Villager (Male) |
| 11:06 | Queue | Villager (Male) |
| 11:09 | Build | Farm |
| 11:09 | Build | Farm |
| 11:10 | Build | Farm |
| 11:10 | Build | Farm |
| 11:10 | Build | Farm |
| 11:12 | Queue | Villager (Male) |
| 11:17 | Build | Farm |
| 11:27 | Build | Farm |
| 11:37 | Build | Farm |
| 11:53 | Build | Farm |
| 11:54 | Queue | Villager (Male) |
| 12:04 | Queue | Villager (Male) |
| 12:10 | Build | Farm |
| 12:19 | Queue | Villager (Male) |
| 12:21 | Build | Farm |
| 12:34 | Queue | Villager (Male) |
| 12:56 | Queue | Villager (Male) |
| 12:59 | Build | Farm |
| 13:25 | Queue | Villager (Male) |
| 13:30 | Build | Farm |
| 13:34 | Build | Mining Camp |
| 13:49 | Build | Farm |
| 13:57 | Build | House |
| 14:02 | Build | Farm |
| 14:14 | Queue | Villager (Male) |
| 14:39 | Queue | Villager (Male) |
| 14:59 | Queue | Villager (Male) |
| 15:02 | Build | Farm |
| 15:03 | Build | Farm |
| 15:34 | Queue | Villager (Male) |
| 15:57 | Queue | Villager (Male) |
| 16:05 | Build | Market |
| 16:28 | Queue | Villager (Male) |
| 16:57 | Queue | Villager (Male) |
| 17:09 | Research | Castle Age |
| 17:20 | Build | Dock |
| 17:28 | Build | House |
| 18:28 | Queue | Fishing Ship |
| 18:30 | Build | House |
| 19:25 | Build | House |
| 19:27 | Build | Fish Trap |
| 19:44 | Queue | Fishing Ship |
| 19:53 | Research | Horse Collar |
| 20:02 | Age | Castle Age |
| 20:17 | Build | Town Center |
| 20:36 | Build | Town Center |
| 20:41 | Build | Farm |
| 20:47 | Queue | Villager (Male) |
| 20:47 | Queue | Villager (Male) |
| 20:47 | Queue | Villager (Male) |
| 20:47 | Queue | Villager (Male) |
| 20:50 | Build | Farm |
| 20:59 | Queue | Villager (Male) |
| 21:00 | Queue | Villager (Male) |
| 21:16 | Research | Bow Saw |
| 21:17 | Research | Bow Saw |
| 21:19 | Queue | Villager (Male) |
| 21:19 | Queue | Villager (Male) |
| 21:27 | Queue | Villager (Male) |
| 21:35 | Queue | Villager (Male) |
| 21:39 | Build | Farm |
| 21:41 | Queue | Villager (Male) |
| 21:46 | Queue | Villager (Male) |
| 21:46 | Queue | Villager (Male) |
| 21:46 | Queue | Villager (Male) |
| 21:57 | Queue | Villager (Male) |
| 22:09 | Queue | Villager (Male) |
| 22:18 | Queue | Villager (Male) |
| 22:28 | Build | Lumber Camp |
| 22:33 | Queue | Villager (Male) |
| 22:33 | Queue | Villager (Male) |
| 22:35 | Research | Wheelbarrow |
| 22:35 | Research | Wheelbarrow |
| 22:39 | Build | Farm |
| 22:41 | Queue | Villager (Male) |
| 22:43 | Queue | Villager (Male) |
| 22:55 | Queue | Fishing Ship |
| 23:00 | Build | Farm |
| 23:01 | Queue | Villager (Male) |
| 23:08 | Build | House |
| 23:09 | Build | House |
| 23:12 | Queue | Villager (Male) |
| 23:20 | Queue | Villager (Male) |
| 23:25 | Build | Farm |
| 23:41 | Build | Town Center |
| 23:44 | Queue | Villager (Male) |
| 23:46 | Build | Farm |
| 23:49 | Queue | Villager (Male) |
| 23:55 | Queue | Villager (Male) |
| 23:59 | Queue | Villager (Male) |
| 24:07 | Build | Farm |
| 24:07 | Build | Farm |
| 24:07 | Build | Farm |
| 24:08 | Build | Farm |
| 24:10 | Research | Heavy Plow |
| 24:10 | Research | Heavy Plow |
| 24:10 | Research | Heavy Plow |
Build order — EMMM | GothBert
First 150 of 662 actions detected
| 0:00 | Queue | Villager (Male) |
| 0:01 | Queue | Villager (Male) |
| 0:01 | Queue | Villager (Male) |
| 0:01 | Queue | Villager (Male) |
| 0:02 | Build | House |
| 0:03 | Build | House |
| 1:22 | Queue | Villager (Male) |
| 1:22 | Queue | Villager (Male) |
| 1:22 | Queue | Villager (Male) |
| 1:49 | Build | Lumber Camp |
| 2:03 | Queue | Villager (Male) |
| 2:24 | Queue | Villager (Male) |
| 2:25 | Queue | Villager (Male) |
| 2:49 | Queue | Villager (Male) |
| 2:49 | Queue | Villager (Male) |
| 3:01 | Queue | Villager (Male) |
| 3:02 | Queue | Villager (Male) |
| 3:02 | Queue | Villager (Male) |
| 3:35 | Queue | Villager (Male) |
| 3:35 | Queue | Villager (Male) |
| 3:49 | Build | House |
| 3:49 | Queue | Villager (Male) |
| 3:49 | Queue | Villager (Male) |
| 4:01 | Build | House |
| 4:28 | Queue | Villager (Male) |
| 4:29 | Queue | Villager (Male) |
| 4:29 | Queue | Villager (Male) |
| 4:55 | Queue | Villager (Male) |
| 4:55 | Queue | Villager (Male) |
| 5:00 | Build | Dock |
| 5:03 | Queue | Villager (Male) |
| 5:03 | Queue | Villager (Male) |
| 5:03 | Queue | Villager (Male) |
| 5:27 | Queue | Villager (Male) |
| 5:27 | Queue | Villager (Male) |
| 5:27 | Queue | Villager (Male) |
| 6:19 | Build | House |
| 6:20 | Queue | Fishing Ship |
| 6:21 | Queue | Fishing Ship |
| 6:21 | Queue | Fishing Ship |
| 6:26 | Research | Loom |
| 6:38 | Queue | Villager (Male) |
| 6:46 | Build | House |
| 7:11 | Queue | Villager (Male) |
| 7:17 | Queue | Fishing Ship |
| 7:31 | Queue | Villager (Male) |
| 7:35 | Build | Mill |
| 7:43 | Queue | Villager (Male) |
| 8:27 | Queue | Villager (Male) |
| 8:31 | Queue | Fishing Ship |
| 8:49 | Queue | Villager (Male) |
| 9:19 | Research | Feudal Age |
| 9:26 | Build | Mining Camp |
| 9:40 | Queue | Fishing Ship |
| 10:25 | Queue | Villager (Male) |
| 10:26 | Queue | Villager (Male) |
| 10:31 | Build | House |
| 11:46 | Age | Feudal Age |
| 11:50 | Build | Market |
| 11:51 | Build | Blacksmith |
| 12:24 | Build | Fish Trap |
| 12:36 | Build | Fish Trap |
| 12:40 | Research | Castle Age |
| 12:40 | Research | Castle Age |
| 13:04 | Build | Lumber Camp |
| 13:35 | Build | Fish Trap |
| 13:43 | Build | Fish Trap |
| 13:54 | Build | Fish Trap |
| 14:06 | Research | Double-Bit Axe |
| 14:12 | Queue | Villager (Male) |
| 14:45 | Build | Barracks |
| 15:20 | Age | Castle Age |
| 15:26 | Build | Town Center |
| 15:29 | Build | Stable |
| 15:32 | Queue | Villager (Male) |
| 15:46 | Research | Scale Barding Armor |
| 16:03 | Queue | Villager (Male) |
| 16:06 | Queue | Fishing Ship |
| 16:24 | Queue | Steppe Lancer |
| 16:24 | Queue | Steppe Lancer |
| 16:27 | Queue | Villager (Male) |
| 16:39 | Queue | Villager (Male) |
| 16:50 | Build | Fish Trap |
| 16:54 | Queue | Villager (Male) |
| 17:13 | Build | Town Center |
| 17:26 | Queue | Villager (Male) |
| 17:33 | Build | Dock |
| 17:37 | Queue | Fishing Ship |
| 17:39 | Queue | Villager (Male) |
| 17:39 | Queue | Villager (Male) |
| 17:39 | Queue | Villager (Male) |
| 17:59 | Queue | Villager (Male) |
| 18:04 | Queue | Fishing Ship |
| 18:15 | Queue | Fishing Ship |
| 18:21 | Queue | Villager (Male) |
| 18:21 | Queue | Villager (Male) |
| 18:25 | Build | Fish Trap |
| 18:27 | Build | House |
| 18:56 | Queue | Steppe Lancer |
| 19:00 | Queue | Villager (Male) |
| 19:03 | Build | House |
| 19:08 | Build | Fish Trap |
| 19:09 | Queue | Fishing Ship |
| 19:09 | Queue | Fishing Ship |
| 19:10 | Queue | Villager (Male) |
| 19:23 | Queue | Villager (Male) |
| 19:23 | Queue | Villager (Male) |
| 19:23 | Queue | Villager (Male) |
| 19:34 | Queue | Villager (Male) |
| 19:34 | Queue | Villager (Male) |
| 19:35 | Queue | Villager (Male) |
| 19:41 | Build | Town Center |
| 20:05 | Build | Fish Trap |
| 20:07 | Build | Fish Trap |
| 20:08 | Queue | Villager (Male) |
| 20:09 | Queue | Villager (Male) |
| 20:09 | Queue | Villager (Male) |
| 20:09 | Queue | Villager (Male) |
| 20:09 | Queue | Villager (Male) |
| 20:20 | Queue | Villager (Male) |
| 20:34 | Queue | Villager (Male) |
| 20:34 | Queue | Villager (Male) |
| 20:34 | Queue | Villager (Male) |
| 20:37 | Build | House |
| 20:55 | Build | Fish Trap |
| 20:58 | Queue | Villager (Male) |
| 20:59 | Build | House |
| 21:00 | Build | House |
| 21:04 | Queue | Villager (Male) |
| 21:04 | Queue | Villager (Male) |
| 21:04 | Queue | Villager (Male) |
| 21:19 | Queue | Villager (Male) |
| 21:21 | Queue | Villager (Male) |
| 21:21 | Queue | Villager (Male) |
| 21:25 | Research | Horse Collar |
| 21:28 | Build | Farm |
| 21:28 | Build | Farm |
| 21:29 | Build | Farm |
| 21:29 | Build | Farm |
| 21:29 | Build | Farm |
| 21:29 | Build | Farm |
| 21:30 | Build | Farm |
| 21:30 | Build | Farm |
| 21:30 | Build | Farm |
| 21:30 | Build | Farm |
| 21:33 | Queue | Villager (Male) |
| 21:33 | Queue | Villager (Male) |
| 21:33 | Queue | Villager (Male) |
| 21:50 | Build | Farm |
| 21:50 | Build | Farm |
Build order — YuF
First 150 of 533 actions detected
| 0:01 | Research | Loom |
| 0:01 | Research | Loom |
| 0:02 | Queue | Villager (Male) |
| 0:02 | Queue | Villager (Male) |
| 0:02 | Queue | Villager (Male) |
| 0:03 | Queue | Villager (Male) |
| 0:03 | Queue | Villager (Male) |
| 0:04 | Build | House |
| 0:07 | Build | House |
| 1:23 | Build | Palisade Wall |
| 2:11 | Build | Palisade Wall |
| 2:20 | Queue | Villager (Male) |
| 3:14 | Queue | Villager (Male) |
| 3:36 | Queue | Villager (Male) |
| 4:18 | Queue | Villager (Male) |
| 4:53 | Queue | Villager (Male) |
| 4:59 | Build | House |
| 5:17 | Queue | Villager (Male) |
| 5:35 | Build | Palisade Wall |
| 5:40 | Build | House |
| 5:44 | Queue | Villager (Male) |
| 5:54 | Build | Palisade Wall |
| 6:05 | Build | Palisade Wall |
| 6:14 | Queue | Villager (Male) |
| 6:42 | Queue | Villager (Male) |
| 7:04 | Queue | Villager (Male) |
| 7:37 | Queue | Villager (Male) |
| 7:55 | Queue | Villager (Male) |
| 7:56 | Queue | Villager (Male) |
| 8:09 | Build | House |
| 8:28 | Queue | Villager (Male) |
| 8:31 | Build | Lumber Camp |
| 8:53 | Build | House |
| 9:02 | Queue | Villager (Male) |
| 9:20 | Queue | Villager (Male) |
| 9:46 | Build | House |
| 9:48 | Queue | Villager (Male) |
| 9:54 | Queue | Villager (Male) |
| 10:16 | Build | House |
| 10:16 | Queue | Villager (Male) |
| 10:22 | Queue | Villager (Male) |
| 10:39 | Queue | Villager (Male) |
| 10:47 | Build | Mill |
| 11:06 | Build | House |
| 11:07 | Queue | Villager (Male) |
| 11:13 | Build | House |
| 11:54 | Build | House |
| 12:05 | Research | Feudal Age |
| 12:24 | Build | House |
| 12:25 | Build | House |
| 12:46 | Build | Mill |
| 13:07 | Build | House |
| 13:52 | Build | House |
| 14:15 | Age | Feudal Age |
| 14:18 | Build | Blacksmith |
| 14:22 | Build | Market |
| 14:32 | Queue | Villager (Male) |
| 14:34 | Queue | Villager (Male) |
| 14:35 | Queue | Villager (Male) |
| 14:37 | Build | Mining Camp |
| 14:42 | Research | Wheelbarrow |
| 15:21 | Research | Gold Mining |
| 16:01 | Queue | Villager (Male) |
| 16:17 | Build | Watch Tower |
| 16:28 | Queue | Villager (Male) |
| 16:53 | Queue | Villager (Male) |
| 16:59 | Build | Mining Camp |
| 17:18 | Queue | Villager (Male) |
| 17:41 | Research | Double-Bit Axe |
| 17:42 | Queue | Villager (Male) |
| 18:11 | Research | Castle Age |
| 18:18 | Build | Mill |
| 18:44 | Build | Watch Tower |
| 19:15 | Research | Horse Collar |
| 19:24 | Build | Mill |
| 19:41 | Build | House |
| 19:42 | Build | House |
| 19:57 | Build | House |
| 20:03 | Research | Fletching |
| 20:50 | Age | Castle Age |
| 20:53 | Build | Siege Workshop |
| 21:01 | Research | Heavy Plow |
| 21:11 | Queue | Villager (Male) |
| 21:21 | Queue | Villager (Male) |
| 21:50 | Queue | Mangonel |
| 22:22 | Queue | Villager (Male) |
| 22:27 | Build | Farm |
| 22:32 | Queue | Villager (Male) |
| 23:10 | Queue | Villager (Male) |
| 23:14 | Build | Farm |
| 23:16 | Build | Farm |
| 23:17 | Queue | Villager (Male) |
| 23:19 | Build | Farm |
| 23:21 | Build | Farm |
| 23:35 | Queue | Villager (Male) |
| 23:46 | Queue | Villager (Male) |
| 23:50 | Build | Farm |
| 24:34 | Build | Castle |
| 24:53 | Build | Town Center |
| 24:57 | Build | Farm |
| 24:58 | Queue | Villager (Male) |
| 25:00 | Research | Bow Saw |
| 25:08 | Queue | Villager (Male) |
| 25:12 | Build | Farm |
| 25:31 | Queue | Villager (Male) |
| 25:34 | Build | Farm |
| 25:50 | Build | Farm |
| 25:55 | Build | Farm |
| 25:56 | Queue | Villager (Male) |
| 26:11 | Queue | Villager (Male) |
| 26:12 | Queue | Villager (Male) |
| 26:24 | Queue | Villager (Male) |
| 26:25 | Queue | Villager (Male) |
| 26:38 | Build | Town Center |
| 26:42 | Queue | Villager (Male) |
| 26:43 | Queue | Villager (Male) |
| 26:47 | Build | Farm |
| 26:48 | Build | Farm |
| 26:49 | Build | Farm |
| 26:54 | Build | Farm |
| 26:57 | Queue | Villager (Male) |
| 27:13 | Build | Monastery |
| 27:23 | Build | Lumber Camp |
| 27:24 | Build | Lumber Camp |
| 27:27 | Queue | Villager (Male) |
| 27:28 | Queue | Villager (Male) |
| 27:31 | Build | Farm |
| 27:51 | Build | Farm |
| 27:54 | Build | Farm |
| 27:57 | Build | Farm |
| 28:03 | Queue | Villager (Male) |
| 28:04 | Queue | Villager (Male) |
| 28:04 | Queue | Villager (Male) |
| 28:10 | Queue | Monk |
| 28:17 | Build | House |
| 28:19 | Queue | Villager (Male) |
| 28:23 | Queue | Villager (Male) |
| 28:33 | Build | Farm |
| 28:35 | Build | Farm |
| 28:40 | Build | Farm |
| 28:43 | Queue | Villager (Male) |
| 28:44 | Queue | Villager (Male) |
| 28:44 | Queue | Villager (Male) |
| 28:48 | Build | Farm |
| 28:51 | Build | Farm |
| 28:56 | Build | Farm |
| 28:58 | Queue | Villager (Male) |
| 29:02 | Build | House |
| 29:09 | Build | Town Center |
| 29:15 | Queue | Villager (Male) |
Build order — DeX_JeD1
First 150 of 903 actions detected
| 0:00 | Queue | Villager (Male) |
| 0:01 | Queue | Villager (Male) |
| 0:01 | Queue | Villager (Male) |
| 0:02 | Build | House |
| 0:04 | Build | House |
| 0:12 | Research | Loom |
| 0:27 | Queue | Villager (Male) |
| 0:28 | Queue | Villager (Male) |
| 0:28 | Queue | Villager (Male) |
| 0:28 | Queue | Villager (Male) |
| 0:29 | Queue | Villager (Male) |
| 0:58 | Build | Palisade Wall |
| 1:09 | Build | Palisade Gate |
| 1:29 | Queue | Villager (Male) |
| 1:29 | Queue | Villager (Male) |
| 2:23 | Queue | Villager (Male) |
| 2:23 | Queue | Villager (Male) |
| 2:39 | Build | Lumber Camp |
| 2:47 | Build | Lumber Camp |
| 2:48 | Queue | Villager (Male) |
| 2:48 | Queue | Villager (Male) |
| 3:16 | Queue | Villager (Male) |
| 3:16 | Queue | Villager (Male) |
| 3:16 | Queue | Villager (Male) |
| 3:46 | Queue | Villager (Male) |
| 3:57 | Build | House |
| 4:24 | Queue | Villager (Male) |
| 4:24 | Queue | Villager (Male) |
| 4:25 | Queue | Villager (Male) |
| 4:48 | Queue | Villager (Male) |
| 4:48 | Queue | Villager (Male) |
| 4:50 | Build | Mill |
| 5:25 | Queue | Villager (Male) |
| 5:26 | Queue | Villager (Male) |
| 6:01 | Queue | Villager (Male) |
| 6:02 | Queue | Villager (Male) |
| 6:02 | Queue | Villager (Male) |
| 6:42 | Build | Barracks |
| 6:50 | Queue | Villager (Male) |
| 7:08 | Build | House |
| 7:17 | Queue | Villager (Male) |
| 7:21 | Build | Palisade Wall |
| 7:23 | Build | Palisade Wall |
| 7:25 | Build | Palisade Wall |
| 7:39 | Queue | Villager (Male) |
| 7:59 | Build | House |
| 8:00 | Queue | Militia |
| 8:00 | Queue | Militia |
| 8:00 | Queue | Militia |
| 8:02 | Queue | Villager (Male) |
| 8:05 | Queue | Villager (Male) |
| 8:15 | Queue | Militia |
| 8:27 | Build | House |
| 8:33 | Build | House |
| 8:50 | Queue | Villager (Male) |
| 9:03 | Build | House |
| 9:07 | Build | House |
| 9:16 | Queue | Villager (Male) |
| 9:18 | Build | Farm |
| 9:36 | Queue | Villager (Male) |
| 10:03 | Build | Mining Camp |
| 10:22 | Build | Outpost |
| 10:23 | Queue | Villager (Male) |
| 10:52 | Research | Feudal Age |
| 10:52 | Research | Feudal Age |
| 10:53 | Research | Feudal Age |
| 11:10 | Build | Outpost |
| 11:51 | Build | Farm |
| 12:27 | Queue | Villager (Male) |
| 12:40 | Queue | Militia |
| 12:41 | Queue | Militia |
| 12:41 | Queue | Militia |
| 12:59 | Build | Farm |
| 13:02 | Age | Feudal Age |
| 13:05 | Research | Wheelbarrow |
| 13:06 | Research | Double-Bit Axe |
| 13:06 | Research | Double-Bit Axe |
| 13:06 | Research | Horse Collar |
| 13:06 | Research | Horse Collar |
| 13:09 | Research | Man-at-Arms (upgrade) |
| 13:19 | Build | Stone Wall |
| 13:19 | Build | Stone Wall |
| 13:40 | Build | House |
| 13:44 | Build | Mining Camp |
| 13:51 | Queue | Militia |
| 13:58 | Queue | Villager (Male) |
| 14:04 | Build | Watch Tower |
| 14:22 | Build | Stone Wall |
| 14:24 | Build | Stone Wall |
| 14:26 | Build | Stone Wall |
| 14:36 | Queue | Villager (Male) |
| 14:55 | Queue | Villager (Male) |
| 15:01 | Queue | Villager (Male) |
| 15:05 | Build | Stable |
| 15:21 | Queue | Villager (Male) |
| 15:56 | Build | Stone Wall |
| 16:16 | Build | Farm |
| 16:20 | Build | Farm |
| 16:43 | Queue | Villager (Male) |
| 16:46 | Build | Watch Tower |
| 16:53 | Build | House |
| 17:00 | Build | Palisade Wall |
| 17:05 | Build | Palisade Wall |
| 17:06 | Build | Palisade Wall |
| 17:45 | Build | Lumber Camp |
| 17:45 | Queue | Villager (Male) |
| 17:59 | Build | Farm |
| 17:59 | Build | Farm |
| 18:00 | Build | Farm |
| 18:05 | Build | Watch Tower |
| 18:21 | Build | Farm |
| 18:23 | Build | Farm |
| 18:25 | Queue | Villager (Male) |
| 19:16 | Build | Stone Wall |
| 19:22 | Queue | Villager (Male) |
| 19:45 | Queue | Villager (Male) |
| 19:45 | Queue | Villager (Male) |
| 20:05 | Build | Lumber Camp |
| 20:10 | Build | Watch Tower |
| 20:24 | Queue | Villager (Male) |
| 20:38 | Build | Stone Wall |
| 20:40 | Build | Gate |
| 20:51 | Build | Stone Wall |
| 20:52 | Build | Stone Wall |
| 20:56 | Build | Gate |
| 20:59 | Build | Gate |
| 21:03 | Build | Stone Wall |
| 21:08 | Queue | Villager (Male) |
| 21:10 | Build | Farm |
| 21:15 | Build | Farm |
| 21:16 | Queue | Villager (Male) |
| 21:32 | Build | Farm |
| 21:33 | Build | Farm |
| 21:34 | Queue | Villager (Male) |
| 21:42 | Queue | Villager (Male) |
| 22:07 | Build | Market |
| 22:19 | Build | Stone Wall |
| 22:21 | Build | Gate |
| 22:23 | Build | Gate |
| 22:26 | Build | Stone Wall |
| 22:33 | Build | Farm |
| 22:33 | Build | Farm |
| 22:33 | Build | Farm |
| 22:34 | Queue | Villager (Male) |
| 22:47 | Build | Gate |
| 22:56 | Queue | Villager (Male) |
| 23:12 | Build | Stone Wall |
| 23:12 | Build | Stone Wall |
| 23:12 | Build | Stone Wall |
| 23:12 | Build | Stone Wall |
Build order — jimmy211211
First 150 of 584 actions detected
| 0:02 | Queue | Villager (Male) ×5 |
| 0:03 | Build | House |
| 0:05 | Build | House |
| 1:25 | Queue | Villager (Male) |
| 2:02 | Queue | Villager (Male) |
| 2:03 | Queue | Villager (Male) |
| 2:22 | Queue | Villager (Male) |
| 2:48 | Queue | Villager (Male) |
| 2:58 | Build | Lumber Camp |
| 2:59 | Queue | Villager (Male) |
| 3:27 | Build | House |
| 3:29 | Build | House |
| 3:31 | Build | House |
| 3:39 | Queue | Villager (Male) |
| 3:39 | Queue | Villager (Male) |
| 3:56 | Queue | Villager (Male) |
| 4:32 | Queue | Villager (Male) |
| 5:11 | Build | Dock |
| 5:31 | Queue | Villager (Male) |
| 5:32 | Queue | Villager (Male) |
| 5:58 | Research | Loom |
| 5:59 | Queue | Villager (Male) |
| 6:00 | Queue | Villager (Male) |
| 6:22 | Queue | Fishing Ship |
| 6:22 | Queue | Fishing Ship |
| 6:23 | Queue | Fishing Ship |
| 6:51 | Queue | Villager (Male) |
| 6:52 | Queue | Villager (Male) |
| 6:52 | Queue | Villager (Male) |
| 6:58 | Build | Mill |
| 7:04 | Queue | Fishing Ship |
| 7:25 | Queue | Villager (Male) |
| 7:40 | Build | Palisade Wall |
| 7:46 | Build | Palisade Wall |
| 8:01 | Queue | Villager (Male) |
| 8:02 | Queue | Villager (Male) |
| 8:03 | Queue | Villager (Male) |
| 8:14 | Queue | Villager (Male) |
| 8:15 | Queue | Villager (Male) |
| 8:21 | Queue | Fishing Ship |
| 8:44 | Queue | Villager (Male) |
| 8:47 | Queue | Villager (Male) |
| 9:29 | Build | House |
| 9:31 | Build | House |
| 10:05 | Research | Feudal Age |
| 11:09 | Build | Barracks |
| 12:15 | Age | Feudal Age |
| 12:17 | Build | Mill |
| 12:18 | Queue | Villager (Male) |
| 12:19 | Queue | Villager (Male) |
| 12:21 | Queue | Villager (Male) |
| 12:26 | Build | Mining Camp |
| 12:34 | Build | Market |
| 12:46 | Build | Blacksmith |
| 12:49 | Research | Double-Bit Axe |
| 13:10 | Queue | Villager (Male) |
| 13:51 | Research | Castle Age |
| 14:22 | Build | Palisade Gate |
| 14:29 | Build | Palisade Wall |
| 14:45 | Build | Fish Trap |
| 14:53 | Build | Fish Trap |
| 14:55 | Build | Fish Trap |
| 15:01 | Queue | Villager (Male) |
| 15:10 | Build | Fish Trap |
| 15:37 | Build | Fish Trap |
| 15:53 | Queue | Villager (Male) |
| 16:03 | Build | Stable |
| 16:08 | Queue | Villager (Male) |
| 16:12 | Queue | Villager (Male) |
| 16:17 | Age | Castle Age |
| 16:44 | Build | Town Center |
| 17:12 | Queue | Villager (Male) |
| 17:19 | Build | House |
| 17:20 | Build | House |
| 17:21 | Build | House |
| 17:27 | Build | House |
| 17:29 | Queue | Villager (Male) |
| 17:44 | Queue | Villager (Male) |
| 18:01 | Build | Town Center |
| 18:03 | Queue | Villager (Male) |
| 18:07 | Queue | Villager (Male) |
| 18:21 | Queue | Villager (Male) |
| 18:31 | Queue | Knight |
| 18:36 | Queue | Villager (Male) |
| 18:42 | Research | Horse Collar |
| 18:46 | Build | Farm |
| 18:46 | Build | Farm |
| 18:46 | Build | Farm |
| 18:46 | Build | Farm |
| 18:47 | Build | Farm |
| 18:47 | Build | Farm |
| 18:47 | Build | Farm |
| 18:47 | Build | Farm |
| 18:48 | Build | Farm |
| 18:54 | Queue | Villager (Male) |
| 19:00 | Build | Lumber Camp |
| 19:06 | Queue | Villager (Male) |
| 19:15 | Queue | Villager (Male) |
| 19:18 | Queue | Villager (Male) |
| 19:29 | Build | Lumber Camp |
| 19:54 | Queue | Villager (Male) |
| 19:54 | Queue | Villager (Male) |
| 19:55 | Queue | Villager (Male) |
| 20:13 | Queue | Villager (Male) |
| 20:14 | Queue | Villager (Male) |
| 20:16 | Queue | Villager (Male) |
| 20:27 | Build | Dock |
| 20:33 | Queue | Fishing Ship |
| 20:33 | Queue | Fishing Ship |
| 20:34 | Queue | Fishing Ship |
| 20:35 | Queue | Villager (Male) |
| 20:36 | Queue | Villager (Male) |
| 20:36 | Queue | Villager (Male) |
| 20:44 | Build | Farm |
| 20:47 | Build | Farm |
| 20:49 | Queue | Villager (Male) |
| 20:49 | Queue | Villager (Male) |
| 20:52 | Build | Dock |
| 20:59 | Build | Dock |
| 21:01 | Queue | Villager (Male) |
| 21:01 | Queue | Villager (Male) |
| 21:06 | Queue | Villager (Male) |
| 21:06 | Queue | Villager (Male) |
| 21:10 | Build | Farm |
| 21:19 | Queue | Villager (Male) |
| 21:20 | Build | Fish Trap |
| 21:28 | Queue | Villager (Male) |
| 21:31 | Queue | Fishing Ship |
| 21:32 | Queue | Fishing Ship |
| 21:41 | Queue | Villager (Male) |
| 21:42 | Queue | Villager (Male) |
| 21:55 | Build | Fish Trap |
| 22:00 | Queue | Villager (Male) |
| 22:00 | Queue | Villager (Male) |
| 22:07 | Queue | Villager (Male) |
| 22:11 | Build | Fish Trap |
| 22:16 | Queue | Fishing Ship |
| 22:16 | Queue | Fishing Ship |
| 22:17 | Queue | Fishing Ship |
| 22:19 | Queue | Fishing Ship |
| 22:19 | Queue | Fishing Ship |
| 22:21 | Build | House |
| 22:22 | Build | House |
| 22:23 | Build | House |
| 22:24 | Build | House |
| 22:28 | Build | Fish Trap |
| 22:44 | Queue | Villager (Male) |
| 22:44 | Queue | Villager (Male) |
| 22:45 | Queue | Villager (Male) |
| 22:45 | Queue | Villager (Male) |
Build order — 3HK
First 150 of 535 actions detected
| 0:02 | Research | Loom |
| 0:03 | Build | House |
| 0:08 | Build | House |
| 0:20 | Queue | Villager (Male) |
| 0:21 | Queue | Villager (Male) |
| 0:21 | Queue | Villager (Male) |
| 1:24 | Queue | Villager (Male) |
| 1:53 | Build | Lumber Camp |
| 1:58 | Queue | Villager (Male) |
| 2:23 | Queue | Villager (Male) |
| 2:24 | Queue | Villager (Male) |
| 2:54 | Queue | Villager (Male) |
| 3:20 | Queue | Villager (Male) |
| 3:20 | Queue | Villager (Male) |
| 3:45 | Queue | Villager (Male) |
| 3:45 | Queue | Villager (Male) |
| 3:55 | Build | House |
| 4:12 | Queue | Villager (Male) |
| 4:13 | Queue | Villager (Male) |
| 4:36 | Queue | Villager (Male) |
| 4:37 | Queue | Villager (Male) |
| 4:56 | Queue | Villager (Male) |
| 4:56 | Queue | Villager (Male) |
| 5:10 | Build | Mill |
| 5:16 | Queue | Villager (Male) |
| 5:37 | Build | House |
| 5:39 | Queue | Villager (Male) |
| 5:54 | Build | Farm |
| 6:11 | Queue | Villager (Male) |
| 6:21 | Queue | Villager (Male) |
| 6:57 | Build | Dock |
| 7:02 | Queue | Villager (Male) |
| 7:09 | Queue | Villager (Male) |
| 7:37 | Build | Farm |
| 7:50 | Queue | Fishing Ship |
| 7:56 | Queue | Villager (Male) |
| 8:00 | Build | Farm |
| 8:18 | Queue | Villager (Male) |
| 8:25 | Build | Mill |
| 8:51 | Queue | Villager (Male) |
| 8:54 | Build | House |
| 8:59 | Research | Feudal Age |
| 9:15 | Queue | Fishing Ship |
| 9:24 | Build | House |
| 9:34 | Queue | Villager (Male) |
| 9:52 | Queue | Fishing Ship |
| 10:47 | Queue | Fishing Ship |
| 11:09 | Age | Feudal Age |
| 11:13 | Research | Double-Bit Axe |
| 11:22 | Queue | Villager (Male) |
| 12:04 | Build | Market |
| 12:05 | Build | Blacksmith |
| 12:10 | Queue | Villager (Male) |
| 12:12 | Build | Farm |
| 12:32 | Queue | Villager (Male) |
| 12:45 | Build | Mining Camp |
| 12:56 | Queue | Villager (Male) |
| 13:04 | Build | Blacksmith |
| 13:21 | Queue | Villager (Male) |
| 13:32 | Build | House |
| 13:33 | Build | House |
| 13:34 | Build | House |
| 13:35 | Build | House |
| 13:43 | Queue | Fishing Ship |
| 13:53 | Research | Wheelbarrow |
| 14:13 | Queue | Fishing Ship |
| 15:03 | Research | Castle Age |
| 15:12 | Research | Tech 906 |
| 15:14 | Build | Fish Trap |
| 15:20 | Build | House |
| 15:21 | Build | House |
| 15:22 | Build | House |
| 15:26 | Build | Fish Trap |
| 15:33 | Build | Fish Trap |
| 15:42 | Build | Fish Trap |
| 15:56 | Build | House |
| 16:00 | Build | Fish Trap |
| 16:12 | Build | Fish Trap |
| 16:26 | Build | Mining Camp |
| 16:34 | Build | House |
| 16:35 | Build | House |
| 16:35 | Build | House |
| 16:47 | Build | House |
| 17:04 | Queue | Villager (Male) |
| 17:08 | Build | House |
| 17:09 | Build | House |
| 17:15 | Build | Dock |
| 17:48 | Age | Castle Age |
| 17:50 | Build | House |
| 18:01 | Build | Barracks |
| 18:03 | Build | House |
| 18:05 | Build | House |
| 18:09 | Build | Palisade Wall |
| 18:32 | Build | Palisade Wall |
| 18:34 | Build | Palisade Wall |
| 18:36 | Queue | Villager (Male) |
| 18:44 | Queue | Spearman |
| 18:50 | Research | Bow Saw |
| 19:21 | Research | War Galley (upgrade) |
| 19:25 | Queue | Villager (Male) |
| 19:40 | Build | Town Center |
| 19:45 | Queue | Villager (Male) |
| 19:47 | Queue | Villager (Male) |
| 19:52 | Research | Gillnets |
| 20:20 | Queue | Villager (Male) |
| 20:26 | Build | Town Center |
| 20:39 | Queue | Villager (Male) |
| 20:40 | Queue | Villager (Male) |
| 20:41 | Queue | Villager (Male) |
| 20:48 | Research | Stone Mining |
| 21:09 | Queue | Fishing Ship |
| 21:09 | Queue | Fishing Ship |
| 21:15 | Build | House |
| 21:16 | Build | House |
| 21:20 | Queue | Villager (Male) |
| 21:20 | Queue | Villager (Male) |
| 21:29 | Queue | Villager (Male) |
| 21:31 | Queue | Villager (Male) |
| 21:43 | Build | Town Center |
| 21:49 | Build | House |
| 22:00 | Queue | Villager (Male) |
| 22:02 | Queue | Villager (Male) |
| 22:02 | Queue | Villager (Male) |
| 22:02 | Queue | Villager (Male) |
| 22:13 | Queue | Villager (Male) |
| 22:18 | Build | Fish Trap |
| 22:24 | Build | Fish Trap |
| 22:26 | Queue | Fishing Ship |
| 22:35 | Queue | Villager (Male) |
| 22:35 | Queue | Villager (Male) |
| 22:45 | Queue | Fishing Ship |
| 22:45 | Queue | Fishing Ship |
| 22:51 | Build | House |
| 22:52 | Build | House |
| 23:01 | Queue | Villager (Male) |
| 23:04 | Research | Gold Mining |
| 23:10 | Build | Fish Trap |
| 23:13 | Queue | Fishing Ship |
| 23:14 | Queue | Fishing Ship |
| 23:17 | Queue | Villager (Male) |
| 23:25 | Build | University |
| 23:29 | Build | Monastery |
| 23:36 | Queue | Villager (Male) |
| 23:37 | Queue | Villager (Male) |
| 23:42 | Queue | Demolition Raft |
| 23:52 | Build | House |
| 23:53 | Build | House |
| 23:56 | Build | Fish Trap |
| 23:58 | Queue | Villager (Male) |
| 23:58 | Queue | Villager (Male) |
Build order — 大庆Song
First 150 of 538 actions detected
| 0:04 | Build | House |
| 0:04 | Queue | Villager (Male) |
| 0:06 | Build | House |
| 0:16 | Research | Loom |
| 0:19 | Queue | Villager (Male) |
| 0:19 | Queue | Villager (Male) |
| 0:42 | Queue | Villager (Male) |
| 1:42 | Queue | Villager (Male) |
| 2:13 | Build | Lumber Camp |
| 2:38 | Queue | Villager (Male) |
| 2:54 | Queue | Villager (Male) |
| 3:19 | Queue | Villager (Male) |
| 3:43 | Build | Palisade Wall |
| 3:54 | Queue | Villager (Male) |
| 4:16 | Queue | Villager (Male) |
| 5:13 | Queue | Villager (Male) |
| 5:13 | Queue | Villager (Male) |
| 5:13 | Queue | Villager (Male) |
| 5:31 | Build | Palisade Wall |
| 5:42 | Build | Palisade Wall |
| 5:50 | Queue | Villager (Male) |
| 6:01 | Build | Palisade Wall |
| 6:15 | Build | House |
| 6:21 | Queue | Villager (Male) |
| 6:40 | Build | House |
| 6:50 | Queue | Villager (Male) |
| 7:19 | Queue | Villager (Male) |
| 7:29 | Queue | Villager (Male) |
| 7:55 | Build | Palisade Wall |
| 8:08 | Queue | Villager (Male) |
| 8:25 | Build | Dock |
| 8:29 | Queue | Villager (Male) |
| 8:40 | Queue | Villager (Male) |
| 8:53 | Queue | Villager (Male) |
| 9:26 | Build | Barracks |
| 9:43 | Build | Mill |
| 9:59 | Queue | Villager (Male) |
| 10:09 | Build | House |
| 10:14 | Queue | Fishing Ship |
| 10:22 | Queue | Villager (Male) |
| 10:58 | Research | Feudal Age |
| 11:09 | Build | Mining Camp |
| 11:38 | Build | Lumber Camp |
| 12:26 | Queue | Fishing Ship |
| 12:44 | Queue | Villager (Male) |
| 12:53 | Build | House |
| 12:56 | Build | House |
| 12:59 | Queue | Villager (Male) |
| 13:08 | Age | Feudal Age |
| 13:11 | Build | Archery Range |
| 13:15 | Build | Archery Range |
| 13:29 | Research | Double-Bit Axe |
| 13:29 | Research | Double-Bit Axe |
| 13:45 | Queue | Archer |
| 13:50 | Queue | Archer |
| 13:52 | Queue | Villager (Male) |
| 14:02 | Build | Fish Trap |
| 14:05 | Queue | Fishing Ship |
| 14:11 | Build | House |
| 14:18 | Queue | Villager (Male) |
| 14:20 | Queue | Archer |
| 14:30 | Queue | Archer |
| 14:49 | Queue | Villager (Male) |
| 14:55 | Queue | Archer |
| 15:00 | Queue | Villager (Male) |
| 15:09 | Build | Farm |
| 15:15 | Build | Fish Trap |
| 15:18 | Queue | Fishing Ship |
| 15:21 | Queue | Archer |
| 15:34 | Queue | Villager (Male) |
| 15:41 | Build | Blacksmith |
| 15:45 | Queue | Archer |
| 15:47 | Queue | Archer |
| 15:49 | Queue | Villager (Male) |
| 15:55 | Build | Fish Trap |
| 16:01 | Queue | Archer |
| 16:24 | Queue | Villager (Male) |
| 16:26 | Queue | Archer |
| 16:26 | Queue | Archer |
| 16:30 | Build | House |
| 16:32 | Build | House |
| 16:38 | Build | House |
| 16:45 | Build | Farm |
| 16:51 | Build | Farm |
| 17:03 | Build | House |
| 17:04 | Build | House |
| 17:17 | Research | Fletching |
| 17:17 | Research | Fletching |
| 17:20 | Queue | Villager (Male) |
| 17:22 | Build | Farm |
| 17:24 | Queue | Archer |
| 17:24 | Queue | Archer |
| 17:31 | Queue | Villager (Male) |
| 17:37 | Queue | Villager (Male) |
| 17:38 | Build | Farm |
| 17:39 | Build | Farm |
| 17:46 | Build | House |
| 17:57 | Queue | Archer |
| 17:59 | Queue | Villager (Male) |
| 18:13 | Build | Fish Trap |
| 18:21 | Queue | Archer |
| 18:22 | Queue | Archer |
| 18:26 | Queue | Villager (Male) |
| 18:44 | Queue | Villager (Male) |
| 18:47 | Build | Mining Camp |
| 19:00 | Queue | Archer |
| 19:01 | Queue | Archer |
| 19:02 | Queue | Villager (Male) |
| 19:31 | Build | Farm |
| 19:33 | Build | Farm |
| 19:34 | Queue | Villager (Male) |
| 20:04 | Build | Fish Trap |
| 20:26 | Queue | Villager (Male) |
| 20:28 | Build | Farm |
| 20:31 | Queue | Fishing Ship |
| 20:36 | Build | Farm |
| 20:51 | Build | Farm |
| 21:03 | Build | Watch Tower |
| 21:06 | Queue | Villager (Male) |
| 21:13 | Build | House |
| 21:16 | Build | House |
| 21:44 | Build | Farm |
| 21:53 | Research | Castle Age |
| 21:54 | Research | Castle Age |
| 22:21 | Queue | Archer |
| 22:23 | Queue | Archer |
| 22:32 | Research | Stone Mining |
| 22:33 | Research | Stone Mining |
| 22:35 | Research | Horse Collar |
| 22:35 | Research | Horse Collar |
| 23:53 | Research | Gold Mining |
| 23:58 | Research | Wheelbarrow |
| 24:14 | Build | House |
| 24:15 | Build | House |
| 24:16 | Build | House |
| 24:28 | Queue | Archer |
| 24:33 | Age | Castle Age |
| 24:35 | Research | Crossbowman (upgrade) |
| 24:35 | Research | Crossbowman (upgrade) |
| 24:36 | Research | Bodkin Arrow |
| 24:37 | Research | Bodkin Arrow |
| 25:00 | Build | Castle |
| 25:07 | Queue | Villager (Male) |
| 25:16 | Queue | Archer |
| 25:17 | Queue | Archer |
| 25:21 | Queue | Archer |
| 25:22 | Queue | Archer |
| 25:25 | Queue | Villager (Male) |
| 25:35 | Queue | Fishing Ship |
| 25:52 | Research | Thumb Ring |
Match timeline
| 0:58 | DeX_JeD1 · wall_segment Palisade Wall x11 |
| 1:23 | YuF · wall_segment Palisade Wall x8 |
| 2:11 | YuF · wall_segment Palisade Wall x14 |
| 3:43 | 大庆Song · wall_segment Palisade Wall x10 |
| 5:00 | EMMM | GothBert · first_building Dock |
| 5:11 | jimmy211211 · first_building Dock |
| 5:21 | Grand Nagus · wall_segment Palisade Wall x1 |
| 5:22 | Grand Nagus · wall_segment Palisade Wall x1 |
| 5:23 | Grand Nagus · wall_segment Palisade Wall x1 |
| 5:31 | 大庆Song · wall_segment Palisade Wall x12 |
| 5:35 | YuF · wall_segment Palisade Wall x2 |
| 5:42 | 大庆Song · wall_segment Palisade Wall x2 |
| 5:54 | YuF · wall_segment Palisade Wall x6 |
| 6:01 | 大庆Song · wall_segment Palisade Wall x7 |
| 6:05 | YuF · wall_segment Palisade Wall x13 |
| 6:42 | DeX_JeD1 · first_building Barracks |
| 6:57 | 3HK · first_building Dock |
| 7:21 | DeX_JeD1 · wall_segment Palisade Wall x1 |
| 7:23 | DeX_JeD1 · wall_segment Palisade Wall x1 |
| 7:25 | DeX_JeD1 · wall_segment Palisade Wall x1 |
| 7:40 | jimmy211211 · wall_segment Palisade Wall x9 |
| 7:46 | jimmy211211 · wall_segment Palisade Wall x10 |
| 7:55 | 大庆Song · wall_segment Palisade Wall x8 |
| 8:01 | MaXimus · first_building Barracks |
| 8:08 | MaXimus · wall_segment Palisade Wall x1 |
| 8:19 | MaXimus · wall_segment Palisade Wall x1 |
| 8:22 | MaXimus · wall_segment Palisade Wall x1 |
| 8:25 | 大庆Song · first_building Dock |
| 8:34 | MaXimus · wall_segment Palisade Wall x1 |
| 9:03 | MaXimus · age_up feudal |
| 9:08 | Grand Nagus · wall_segment Palisade Wall x5 |
| 9:10 | Grand Nagus · wall_segment Palisade Wall x4 |
| 9:11 | MaXimus · first_building Stable |
| 9:16 | Grand Nagus · wall_segment Palisade Wall x10 |
| 9:26 | 大庆Song · first_building Barracks |
| 10:41 | Grand Nagus · first_building Barracks |
| 11:09 | 3HK · age_up feudal |
| 11:09 | jimmy211211 · first_building Barracks |
| 11:36 | Grand Nagus · age_up feudal |
| 11:39 | Grand Nagus · first_building Archery Range |
| 11:46 | EMMM | GothBert · age_up feudal |
| 12:15 | jimmy211211 · age_up feudal |
| 13:02 | DeX_JeD1 · age_up feudal |
| 13:08 | 大庆Song · age_up feudal |
| 13:11 | 大庆Song · first_building Archery Range |
| 13:19 | DeX_JeD1 · wall_segment Stone Wall x9 |
| 13:19 | DeX_JeD1 · wall_segment Stone Wall x3 |
| 13:34 | jimmy211211 · first_market_sell 100 wood |
| 14:15 | YuF · age_up feudal |
| 14:22 | DeX_JeD1 · wall_segment Stone Wall x1 |
| 14:24 | DeX_JeD1 · wall_segment Stone Wall x1 |
| 14:26 | DeX_JeD1 · wall_segment Stone Wall x1 |
| 14:28 | Grand Nagus · wall_segment Palisade Wall x1 |
| 14:29 | jimmy211211 · wall_segment Palisade Wall x1 |
| 14:45 | EMMM | GothBert · first_building Barracks |
| 15:05 | DeX_JeD1 · first_building Stable |
| 15:17 | Grand Nagus · wall_segment Stone Wall x1 |
| 15:18 | Grand Nagus · wall_segment Stone Wall x1 |
| 15:20 | EMMM | GothBert · age_up castle |
| 15:26 | Grand Nagus · wall_segment Stone Wall x1 |
| 15:28 | Grand Nagus · wall_segment Stone Wall x1 |
| 15:29 | EMMM | GothBert · first_building Stable |
| 15:30 | Grand Nagus · wall_segment Stone Wall x1 |
| 15:43 | EMMM | GothBert · first_market_sell 100 stone |
| 15:44 | Grand Nagus · wall_segment Stone Wall x1 |
| 15:45 | EMMM | GothBert · first_market_buy 100 food |
| 15:56 | DeX_JeD1 · wall_segment Stone Wall x1 |
| 16:03 | jimmy211211 · first_building Stable |
| 16:17 | jimmy211211 · age_up castle |
| 17:00 | DeX_JeD1 · wall_segment Palisade Wall x1 |
| 17:05 | DeX_JeD1 · wall_segment Palisade Wall x1 |
| 17:06 | DeX_JeD1 · wall_segment Palisade Wall x1 |
| 17:20 | MaXimus · first_building Dock |
| 17:48 | 3HK · age_up castle |
| 18:01 | 3HK · first_building Barracks |
| 18:09 | 3HK · wall_segment Palisade Wall x1 |
| 18:32 | 3HK · wall_segment Palisade Wall x1 |
| 18:34 | 3HK · wall_segment Palisade Wall x1 |
| 18:56 | MaXimus · first_market_buy 100 wood |
| 19:16 | DeX_JeD1 · wall_segment Stone Wall x1 |
| 19:29 | Grand Nagus · wall_segment Stone Wall x1 |
| 19:32 | Grand Nagus · wall_segment Stone Wall x1 |
| 20:02 | MaXimus · age_up castle |
| 20:38 | DeX_JeD1 · wall_segment Stone Wall x7 |
| 20:50 | YuF · age_up castle |
| 20:51 | DeX_JeD1 · wall_segment Stone Wall x2 |
| 20:52 | DeX_JeD1 · wall_segment Stone Wall x8 |
| 20:53 | YuF · first_building Siege Workshop |
| 21:03 | DeX_JeD1 · wall_segment Stone Wall x3 |
| 21:14 | MaXimus · first_market_sell 100 food |
| 21:20 | YuF · first_market_buy 100 food |
| 22:01 | Grand Nagus · first_market_sell 100 stone |
| 22:03 | Grand Nagus · first_market_buy 100 food |
| 22:19 | DeX_JeD1 · wall_segment Stone Wall x13 |
| 22:26 | DeX_JeD1 · wall_segment Stone Wall x1 |
| 22:31 | Grand Nagus · wall_segment Stone Wall x1 |
| 22:56 | jimmy211211 · first_market_buy 100 stone |
| 23:04 | DeX_JeD1 · first_market_buy 100 food |
| 23:05 | DeX_JeD1 · first_market_sell 100 stone |
| 23:12 | DeX_JeD1 · wall_segment Stone Wall x3 |
| 23:12 | DeX_JeD1 · wall_segment Stone Wall x2 |
| 23:12 | DeX_JeD1 · wall_segment Stone Wall x1 |
| 23:12 | DeX_JeD1 · wall_segment Stone Wall x1 |
| 23:15 | DeX_JeD1 · wall_segment Stone Wall x6 |
| 23:29 | 3HK · first_building Monastery |
| 24:06 | DeX_JeD1 · wall_segment Stone Wall x1 |
| 24:07 | DeX_JeD1 · wall_segment Stone Wall x1 |
| 24:16 | DeX_JeD1 · wall_segment Stone Wall x1 |
| 24:33 | 大庆Song · age_up castle |
| 24:34 | YuF · first_building Castle |
| 25:00 | 大庆Song · first_building Castle |
| 25:20 | DeX_JeD1 · wall_segment Stone Wall x1 |
| 25:20 | Grand Nagus · age_up castle |
| 25:35 | 3HK · first_market_sell 100 wood |
| 25:37 | 3HK · first_market_buy 100 food |
| 26:06 | jimmy211211 · first_building Monastery |
| 26:10 | EMMM | GothBert · first_building Monastery |
| 26:13 | DeX_JeD1 · age_up castle |
| 26:16 | DeX_JeD1 · first_building Castle |
| 26:55 | jimmy211211 · wall_segment Stone Wall x11 |
| 27:11 | jimmy211211 · wall_segment Stone Wall x11 |
| 27:13 | YuF · first_building Monastery |
| 27:16 | Grand Nagus · wall_segment Stone Wall x15 |
| 27:25 | Grand Nagus · wall_segment Stone Wall x10 |
| 27:26 | MaXimus · first_building Monastery |
| 27:27 | Grand Nagus · wall_segment Stone Wall x1 |
| 27:34 | 3HK · first_building Castle |
| 27:47 | 大庆Song · first_building Monastery |
| 28:57 | EMMM | GothBert · first_building Archery Range |
| 29:09 | jimmy211211 · first_building Castle |
| 29:17 | 3HK · age_up imperial |
| 29:44 | YuF · wall_segment Stone Wall x9 |
| 29:47 | YuF · wall_segment Stone Wall x5 |
| 29:51 | YuF · wall_segment Stone Wall x8 |
| 30:05 | EMMM | GothBert · first_building Castle |
| 30:58 | MaXimus · first_building Siege Workshop |
| 31:21 | MaXimus · first_building Castle |
| 31:25 | YuF · wall_segment Stone Wall x1 |
| 31:33 | EMMM | GothBert · age_up imperial |
| 31:48 | EMMM | GothBert · first_building Siege Workshop |
| 31:53 | MaXimus · age_up imperial |
| 32:30 | 大庆Song · age_up imperial |
| 32:31 | 3HK · first_building Siege Workshop |
| 32:55 | YuF · wall_segment Stone Wall x1 |
| 33:04 | DeX_JeD1 · first_building Monastery |
| 34:05 | jimmy211211 · age_up imperial |
| 34:28 | YuF · first_building Barracks |
| 35:02 | 3HK · first_building Archery Range |
| 35:10 | DeX_JeD1 · first_building Siege Workshop |
| 35:30 | YuF · first_building Stable |
| 35:37 | 大庆Song · first_market_sell 100 food |
| 35:43 | Grand Nagus · first_building Monastery |
| 37:18 | YuF · age_up imperial |
| 37:25 | DeX_JeD1 · age_up imperial |
| 39:18 | 大庆Song · wall_segment Palisade Wall x2 |
| 40:00 | Grand Nagus · age_up imperial |
| 40:39 | DeX_JeD1 · wall_segment Stone Wall x14 |
| 40:40 | DeX_JeD1 · wall_segment Stone Wall x2 |
| 40:40 | DeX_JeD1 · wall_segment Stone Wall x1 |
| 42:59 | DeX_JeD1 · wall_segment Stone Wall x1 |
| 43:00 | DeX_JeD1 · wall_segment Stone Wall x4 |
| 43:00 | DeX_JeD1 · wall_segment Stone Wall x2 |
| 43:00 | DeX_JeD1 · wall_segment Stone Wall x1 |
| 43:00 | DeX_JeD1 · wall_segment Stone Wall x1 |
| 43:00 | DeX_JeD1 · wall_segment Stone Wall x1 |
| 45:27 | 大庆Song · first_building Siege Workshop |
| 45:49 | EMMM | GothBert · tribute_sent a jugador 1 |
| 45:49 | EMMM | GothBert · tribute_sent a jugador 3 |
| 45:49 | EMMM | GothBert · tribute_sent a jugador 4 |
| 45:49 | EMMM | GothBert · tribute_sent a jugador 5 |
| 45:49 | EMMM | GothBert · tribute_sent a jugador 6 |
| 45:49 | EMMM | GothBert · tribute_sent a jugador 7 |
| 45:49 | EMMM | GothBert · tribute_sent a jugador 8 |
| 48:56 | EMMM | GothBert · tribute_sent a jugador 1 |
| 48:56 | EMMM | GothBert · tribute_sent a jugador 3 |
| 48:56 | EMMM | GothBert · tribute_sent a jugador 4 |
| 48:56 | EMMM | GothBert · tribute_sent a jugador 5 |
| 48:56 | EMMM | GothBert · tribute_sent a jugador 6 |
| 48:56 | EMMM | GothBert · tribute_sent a jugador 7 |
| 48:56 | EMMM | GothBert · tribute_sent a jugador 8 |
| 49:04 | 大庆Song · first_market_buy 100 stone |
| 49:14 | 3HK · tribute_sent a jugador 1 |
| 49:14 | 3HK · tribute_sent a jugador 2 |
| 49:14 | 3HK · tribute_sent a jugador 3 |
| 49:14 | 3HK · tribute_sent a jugador 4 |
| 49:14 | 3HK · tribute_sent a jugador 5 |
| 49:14 | 3HK · tribute_sent a jugador 7 |
| 49:14 | 3HK · tribute_sent a jugador 8 |
| 49:28 | EMMM | GothBert · tribute_sent a jugador 1 |
| 49:28 | EMMM | GothBert · tribute_sent a jugador 3 |
| 49:28 | EMMM | GothBert · tribute_sent a jugador 4 |
| 49:28 | EMMM | GothBert · tribute_sent a jugador 5 |
| 49:28 | EMMM | GothBert · tribute_sent a jugador 6 |
| 49:28 | EMMM | GothBert · tribute_sent a jugador 7 |
| 49:28 | EMMM | GothBert · tribute_sent a jugador 8 |
| 49:28 | 大庆Song · tribute_sent a jugador 1 |
| 49:28 | 大庆Song · tribute_sent a jugador 2 |
| 49:28 | 大庆Song · tribute_sent a jugador 3 |
| 49:28 | 大庆Song · tribute_sent a jugador 4 |
| 49:28 | 大庆Song · tribute_sent a jugador 5 |
| 49:28 | 大庆Song · tribute_sent a jugador 6 |
| 49:28 | 大庆Song · tribute_sent a jugador 7 |
| 51:48 | 3HK · tribute_sent a jugador 1 |
| 51:48 | 3HK · tribute_sent a jugador 2 |
| 51:48 | 3HK · tribute_sent a jugador 3 |
| 51:48 | 3HK · tribute_sent a jugador 4 |
| 51:48 | 3HK · tribute_sent a jugador 5 |
| 51:48 | 3HK · tribute_sent a jugador 7 |
| 51:48 | 3HK · tribute_sent a jugador 8 |
| 51:57 | 3HK · tribute_sent a jugador 1 |
| 51:57 | 3HK · tribute_sent a jugador 2 |
| 51:57 | 3HK · tribute_sent a jugador 3 |
| 51:57 | 3HK · tribute_sent a jugador 4 |
| 51:57 | 3HK · tribute_sent a jugador 5 |
| 51:57 | 3HK · tribute_sent a jugador 7 |
| 51:57 | 3HK · tribute_sent a jugador 8 |
| 53:49 | EMMM | GothBert · tribute_sent a jugador 1 |
| 53:49 | EMMM | GothBert · tribute_sent a jugador 3 |
| 53:49 | EMMM | GothBert · tribute_sent a jugador 4 |
| 53:49 | EMMM | GothBert · tribute_sent a jugador 5 |
| 53:49 | EMMM | GothBert · tribute_sent a jugador 6 |
| 53:49 | EMMM | GothBert · tribute_sent a jugador 7 |
| 53:49 | EMMM | GothBert · tribute_sent a jugador 8 |
| 54:03 | MaXimus · wall_segment Stone Wall x9 |
| 55:06 | 大庆Song · tribute_sent a jugador 1 |
| 55:06 | 大庆Song · tribute_sent a jugador 2 |
| 55:06 | 大庆Song · tribute_sent a jugador 3 |
| 55:06 | 大庆Song · tribute_sent a jugador 4 |
| 55:06 | 大庆Song · tribute_sent a jugador 5 |
| 55:06 | 大庆Song · tribute_sent a jugador 6 |
| 55:06 | 大庆Song · tribute_sent a jugador 7 |
| 56:01 | 大庆Song · tribute_sent a jugador 1 |
| 56:01 | 大庆Song · tribute_sent a jugador 2 |
| 56:01 | 大庆Song · tribute_sent a jugador 3 |
| 56:01 | 大庆Song · tribute_sent a jugador 4 |
| 56:01 | 大庆Song · tribute_sent a jugador 5 |
| 56:01 | 大庆Song · tribute_sent a jugador 6 |
| 56:01 | 大庆Song · tribute_sent a jugador 7 |
| 56:06 | EMMM | GothBert · tribute_sent a jugador 1 |
| 56:06 | EMMM | GothBert · tribute_sent a jugador 3 |
| 56:06 | EMMM | GothBert · tribute_sent a jugador 4 |
| 56:06 | EMMM | GothBert · tribute_sent a jugador 5 |
| 56:06 | EMMM | GothBert · tribute_sent a jugador 6 |
| 56:06 | EMMM | GothBert · tribute_sent a jugador 7 |
| 56:06 | EMMM | GothBert · tribute_sent a jugador 8 |
| 59:04 | 3HK · tribute_sent a jugador 1 |
| 59:04 | 3HK · tribute_sent a jugador 2 |
| 59:04 | 3HK · tribute_sent a jugador 3 |
| 59:04 | 3HK · tribute_sent a jugador 4 |
| 59:04 | 3HK · tribute_sent a jugador 5 |
| 59:04 | 3HK · tribute_sent a jugador 7 |
| 59:04 | 3HK · tribute_sent a jugador 8 |
| 59:07 | 大庆Song · tribute_sent a jugador 1 |
| 59:07 | 大庆Song · tribute_sent a jugador 2 |
| 59:07 | 大庆Song · tribute_sent a jugador 3 |
| 59:07 | 大庆Song · tribute_sent a jugador 4 |
| 59:07 | 大庆Song · tribute_sent a jugador 5 |
| 59:07 | 大庆Song · tribute_sent a jugador 6 |
| 59:07 | 大庆Song · tribute_sent a jugador 7 |
| 60:12 | Grand Nagus · resign |
[ AI ANALYSIS · 1 CREDIT ]
What really happened in this match?
Wolo.gg analyzes every decision: build order, eco, micro, common mistakes by bracket. Personalized analysis on WhatsApp or Discord in 30 seconds.
Civ guide
Koreans
Perfil
Jugador #208313